← All builds
Front / Armada / Economy first / OBSERVED BUILD

Gauntlet defence

Front builds a Gauntlet by around 5:30, well before the norm, to anchor a defensive line at middle while the economy develops, backing it later with Rattlesnake and more Gauntlets.

#defence #artillery · 84 distinct matches · 44 players · 6% of Armada Front games · team won 56% of 86 · Recently observed

THE CATCH, AND WHAT COMES WITH IT
  • GauntletEarly defence from 5:31 · 8% of role by thenOnly 8% of Front games have it by then; others who build it get it around 11:14

Where those units first fight, in 72 games with kill data: in the middle 100%.

Those units destroy a typical 620 metal of enemy units by 15:00.

Then transitions into rocketeer (12% of army), blitz (12% of army), Rattlesnake (9% of army).

HOW TO PLAY IT

Key timing: Gauntlet by 5:34

  1. Open double mex and wind into a Vehicle Plant for the usual eco-first start.
  2. Add Beamer and defensive turf like Dragon's Teeth while eco grows.
  3. Commit early to a Gauntlet well ahead of the normal timing.
  4. Bring Rattlesnake into the mix to hold the defensive line at middle.
  5. Transition into T2 constructor once the line is anchored.

Phase by phase

TYPICAL OF ITS 84 GAMES · AGAINST STANDARD FRONT
  1. 1
  2. 2
  3. 3
PLAY THE OPENING

Follow the example game's first 6:32 step by step: what to build now, what comes next, and where it goes. At 1× it keeps pace with your own game.

  1. 1

    Up to the Bot Lab

    Economy
    • Metal Extractor2Mex
    • Wind Turbine1Wind
    Order
    1. Bot LabBot Lab after 3 mex, 1 winddone ~0:45, middle half 0:39–0:55

    Some games also: Vehicle Plant (41%)

    By 0:28 in all: 2 mex · 1 wind

    The example game in this phase · 3 steps
    1. Vehicle PlantVehicle Plantdone 0:22 · typical 0:47
    2. RoverScout
    3. Mex
  2. 2

    Bot Lab to Early defence

    Economy
    • Metal Extractor4Mex
    • Wind Turbine4Wind−2 vs standard
    Order
    1. GauntletEarly defence after 6 mex, 7 wind, 1 con turretdone ~6:37, middle half 6:07–7:10
    Builders
    • Construction Bot2 Con bot +2 vs standard
    Army
    • Sentry2 Sentry
    • Rocketeer3 Rocketeer +3 vs standard

    Some games also: tick (49%) · con turret (48%) · Lazarus (45%) · centurion (42%) · Radar Tower (36%)

    The standard build makes here, this one skips: 2 con vehicle · 3 janus

    By 5:31 in all: 6 mex · 8 wind · 1 con turret

    The example game in this phase · 31 steps
    1. Mex
    2. RoverScout
    3. Wind
    4. Mex
    5. RoverScout
    6. JanusJanus ×2
    7. Construction VehicleCon vehicle
    8. RoverScout ×3
    9. RoverScoutfor Geo
    10. RoverScout ×2
    11. Construction VehicleCon vehicle ×3
    12. Mex
    13. WhistlerMissile truck
    14. Mex
    15. WhistlerMissile truck ×2
    16. Mex
    17. WhistlerMissile truck ×2
    18. Construction VehicleCon vehicle
    19. BeamerBeamer
    20. Construction VehicleCon vehicle
    21. WhistlerMissile truck ×2
    22. Wind
    23. Con turret
    24. BeamerBeamer
    25. WhistlerMissile truck ×4
    26. BeamerBeamer
    27. Wind
    28. WhistlerMissile truck
    29. Wind
    30. WhistlerMissile truck
    31. GauntletGauntletdone 6:58 · typical 6:37
  3. 3

    Early defence to 10:00

    Economy
    • Metal Extractor1Mex
    • Wind Turbine17Wind
    Builders
    • Construction Turret2 Con turret

    Some games also: energy storage (50%) · Dragon's Teeth (47%) · Beamer (45%) · converter (40%) · Sentry (38%)

    The standard build makes here, this one skips: 2 blitz

    By 10:00 in all: 7 mex · 27 wind · 1 energy storage · 4 con turret

    The example game in this phase · 124 steps
    1. Wind
    2. WhistlerMissile truck
    3. Wind ×2
    4. Dragon's TeethDragon's Teeth ×4
    5. Wind ×3
    6. BeamerBeamer
    7. Wind
    8. JanusJanus
    9. Wind
    10. JanusJanus
    11. BeamerBeamer
    12. Wind
    13. JanusJanus
    14. StoutStout
    15. Wind
    16. BeamerBeamer
    17. Con turret
    18. Wind ×4
    19. Mex
    20. Wind ×3
    21. Sneaky PeteSneaky Pete
    22. Wind
    23. SentrySentry
    24. Wind ×2
    25. Con turret
    26. Wind ×2
    27. Con turret
    28. Wind ×2
    29. GauntletGauntlet
    30. Advanced Metal ExtractorT2 mexdone 10:09 · typical 9:10
    31. Dragon's TeethDragon's Teeth ×7
    32. Advanced Metal ExtractorT2 mex
    33. SentrySentry
    34. Advanced Metal ExtractorT2 mex
    35. Con turret
    36. BeamerBeamer
    37. Advanced Metal ExtractorT2 mex
    38. Vehicle PlantVehicle Plantdone 11:19
    39. BeamerBeamer
    40. RoverScout ×4
    41. Con turret
    42. RoverScout ×5
    43. Con turret
    44. RoverScout ×6
    45. Advanced Metal ExtractorT2 mex
    46. BlitzBlitz ×2
    47. Wind
    48. RoverScout
    49. Con turret
    50. RoverScout
    51. Wind
    52. RoverScout
    53. BlitzBlitz
    54. Wind
    55. RoverScout ×2
    56. Wind
    57. RoverScout
    58. BlitzBlitz
    59. Wind
    60. RoverScout
    61. Wind
    62. RoverScout
    63. Mex
    64. BeamerBeamer
    65. RoverScout
    66. Wind
    67. BlitzBlitz
    68. Wind
    69. RoverScout ×2
    70. Wind
    71. RoverScout
    72. BlitzBlitz
    73. Wind
    74. RoverScout ×3
    75. BlitzBlitz
    76. Wind
    77. RoverScout
    78. Wind
    79. RoverScout ×2
    80. Construction VehicleCon vehicle
    81. Wind
    82. VeilVeil
    83. Construction VehicleCon vehicle
    84. Wind
    85. Construction VehicleCon vehicle
    86. Wind
    87. Construction VehicleCon vehicle
    88. Wind
    89. Pit BullPit Bull
    90. Wind ×2
    91. Construction VehicleCon vehicle ×2
    92. Wind
    93. Pit BullPit Bull
    94. Wind
    95. BlitzBlitz
    96. Wind
    97. RoverScout ×3
    98. Con turret
    99. Wind
    100. BlitzBlitz
    101. Con turret
    102. Wind
    103. RoverScout
    104. Wind
    105. RoverScout
    106. Wind
    107. RoverScout
    108. Wind
    109. BlitzBlitz
    110. Wind ×2
    111. RoverScout
    112. Con turret
    113. RoverScout ×2
    114. BlitzBlitz
    115. Wind ×2
    116. RoverScout
    117. Con turret
    118. Wind
    119. RoverScout
    120. Con turret
    121. Wind ×2
    122. RoverScout
    123. Wind ×2
    124. Fusion ReactorFusionnot finished by 15:00

Counts are medians over the build's games: half of them build more, half fewer. The example game is DRM's (44 OS, 14/09/2026); pick another.

Team trades

IN AT LEAST 30% OF ITS GAMES

You hand over

Nothing regular.

You get

  • Tidal Generator4 Tidal from Pondfirst at 0:19 · in 79% of games
  • Advanced Construction Bot1 T2 con bot from Geo or Techfirst at 7:23 · in 63% of games

How it plays out

Typical game of this build against the role’s standard build, running totals by minute

  • This build
  • Standard front

Metal produced

010k20k30k
0:005:0010:0015:00

metal

Enemy metal destroyed

05k10k
0:005:0010:0015:00

metal

Own metal lost

05k10k
0:005:0010:0015:00

metal

86 games.

Show as table
ByMetal produced: This buildMetal produced: Standard frontEnemy metal destroyed: This buildEnemy metal destroyed: Standard frontOwn metal lost: This buildOwn metal lost: Standard front
1:003333330000
2:0086284629213131
3:0016571624127140109105
4:0027052712435540302333
5:00387938688501188593813
6:00509650761444209910881526
7:00633763141987298417222459
8:00762976622705387122953365
9:00906090873544463228574312
10:0010927106663958530833545060
11:0013153126084497581943315701
12:0015864148155115631355116521
13:0018984174405686698165067256
14:0022200201836548758475798093
15:0025798226307050839486268939
WHAT THE NUMBERS SAY

Won less often than the standard build and destroyed noticeably less enemy metal, despite pulling ahead in metal produced by 15:00.

  • + Metal produced by 15:00 clearly ahead (23942 vs 22219)
  • + Own metal lost by 15:00 about even (8933 vs 8949)
  • − Team win rate below standard (51% vs 61%)
  • − Enemy metal destroyed by 15:00 well behind (6999 vs 8347)
THE EXAMPLE YOU ARE READING

DRM

43.5 OS · 14/09/2026

Open source match ↗

9 received units · includes a constructor
39 metal received · 32224 energy received

Allied construction assistance is unknown. Timings are observations, not a promise of solo reproducibility.

Typical milestones

Bot Lab0:45Middle 50%: 0:39–0:55 · n=57
Vehicle Plant0:47Middle 50%: 0:41–1:00 · n=54
Gauntlet6:37Middle 50%: 6:07–7:10 · n=72
Advanced Metal Extractor9:10Middle 50%: 8:15–10:41 · n=69

Played most by

Leohvm12games of this buildDRM7games of this buildCentientWaffle4games of this buildGodmother134games of this buildarmjanus3games of this build